AoeStats
← Barón de la Cerveza

Arabia

507175594Analyzed
1v1 RM · 16d ago on Sep 17, 2026· 47m 37s· 2 players
Game mode
Random Map
Map size
Tiny (2 player)
Population
200
Speed
Normal
Resources
Standard
Victory
Conquest
Starting age
Dark Age
Ending age
Imperial Age
RankedLock teamsTeams togetherTeam positionsShared explorationLock speedFull tech treeHidden civsTurbo modeCheats
Victory
Defeat
🇲🇽 Inca · Mexico
1817
+19
🇹🇷 Tupi · Türkiye
1890
-19
Barón de la Cerveza
5:59 Loom
14:28 Feudal Age
15:37 Double-Bit Axe
21:20 Fletching
25:47 Castle Age
27:53 Bodkin Arrow
35:04 Scale Mail Armor
37:30 Squires
39:55 Town Watch
45:32 Champi Runner
46:01 Horse Collar
46:27 Champi Warrior
SVTT | Альпинист
1:52 Loom
11:35 Feudal Age
15:34 Champi Runner
19:25 Arson
19:42 Fletching
21:35 Scale Mail Armor
32:49 Castle Age
31:22 Double-Bit Axe
31:17 Horse Collar
33:15 Padded Archer Armor
33:54 Bodkin Arrow
34:10 Bow Saw
35:59 Ballistics
39:10 Town Watch
Connection lost

Rejoining the realm…

Still unreachable

The connection could not be restored.

Session expired

The server has moved on; the page needs a fresh start.